 Dungeon Crawl Stone Soup version 0.31.0-11-ge490571c62 (webtiles) character file.

Game seed: 6417133082218599925

2 Bravepunisher the Ducker (level 1, 0/11 HPs)
             Began as a Spriggan Monk on Jan 26, 2024.
             Slain by a jackal (2 damage)
             ... on level 1 of the Dungeon.
             The game lasted 00:00:22 (58 turns).

Bravepunisher the Ducker (Spriggan Monk)              Turns: 58, Time: 00:00:23

Health: 0/11       AC:  2    Str:  7    XL:     1   Next: 25%
Magic:  2/2        EV: 15    Int: 11    God:
Gold:   15         SH:  0    Dex: 17    Spells: 0/0 levels left

rFire   . . .        a - +0 short sword
rCold   . . .        (no shield)
rNeg    . . .        b - +0 robe
rPois   .            (helmet restricted)
rElec   .            (no cloak)
rCorr   .            (gloves unavailable)
SInv    +            (boots unavailable)
Will    .....        (no amulet)
Stlth   ++           (no ring)
HPRegen 0.21/turn    (no ring)
MPRegen 0.08/turn

%: no passive effects
@: constricted, very quick
A: very small, no large weapons, unfitting armour, see invisible, speed 3
a: no special abilities


You were on level 1 of the Dungeon.
You visited 1 branch of the dungeon, and saw 1 of its levels.

You collected 15 gold pieces.

Inventory:

Hand Weapons
 a - a +0 short sword (weapon)
Armour
 b - a +0 robe (worn)
Potions
 c - a potion of ambrosia


   Skills:
 * Level 2.5 Fighting
 - Level 3.2 Short Blades
 + Level 4.0 Dodging


You couldn't memorise any spells.
You didn't know any spells.
Your spell library was empty.

Dungeon Overview and Level Annotations

Branches:
Dungeon (1/15)

Altars:


Innate Abilities, Weirdness & Mutations

You are very small and have problems with some larger weapons.
You are too small for most types of armour.
You have supernaturally acute eyesight. (SInv)
You cover ground extremely quickly. (Speed+++)


Message History

The jackal bites you but does no damage.
An endoplasm comes into view.
The endoplasm quivers.
You hit the jackal.
The jackal is severely wounded.
The jackal closely misses you. The jackal attacks as it pursues you!
The jackal closely misses you. The jackal attacks as it pursues you!
The jackal completely misses you. The jackal attacks as it pursues you!
The jackal bites you.
A ball python comes into view.
The jackal attacks as it pursues you! The jackal closely misses you.
A quokka comes into view.
The ball python hisses angrily.
The ball python barely misses you. The ball python grabs you.
The ball python constricts you.
You escape the ball python's grasp.
You miss the quokka. The ball python misses you.
The ball python closely misses you. The quokka barely misses you.
You hit the quokka but do no damage. The ball python bites you.
The ball python barely misses you.
You hit the quokka.
The quokka is heavily wounded.
The quokka misses you. The ball python misses you.
The ball python closely misses you. The jackal closely misses you.
You completely miss the quokka.
The quokka is heavily wounded.
The quokka misses you. The ball python misses you. The ball python grabs you.
The ball python constricts you. The jackal barely misses you.
The quokka bites you.
You hit the quokka but do no damage.
The quokka is moderately wounded.
The jackal bites you.
* * * LOW HITPOINT WARNING * * *
The ball python misses you. The ball python constricts you.
The quokka bites you.
* * * LOW HITPOINT WARNING * * *
You closely miss the quokka.
The quokka is moderately wounded.
The jackal bites you.
You die...

.... #.###.# #... ......
#..# #...... ...J.# #.#
#.. ..#K.#. #.###..
..#B.#.##...##.
#.#..#.#.....#.
##########.#.h#.......#.
......r@S#.#hh........#.
########h#$#.####.......
#h#..........####
#hB.........##
#####†#.##### #.#.#
..#.# ####.# #.#


You could see a quokka, 3 jackals, a giant cockroach and a ball python.

Vanquished Creatures
  2 ball pythons (D:1)
2 creatures vanquished.

Notes
Turn   | Place    | Note
-------+----------+-------------------------------------------
     0 | D:1      | Bravepunisher the Spriggan Monk began the quest for the
                  | Orb.
     0 | D:1      | Reached XP level 1. HP: 11/11 MP: 2/2
    58 | D:1      | Slain by a jackal

Illustrated notes

Levels and vault maps discovered:
D:1:      amcnicky_arrival_single_pillar, layout_loops_ring

Action                     || total
---------------------------++-------
  Melee: Short sword       ||    16
 Armour: Robe              ||     9
  Dodge: Dodged            ||    26
